cohdb
Replays
Latest Replays
All Replays
Popular Replays
Top Player Replays
Match Explorer
How It Works
Community
CoH3 Stats
Reddit
Sign in to upload your games and track your stats! →
Sign in with Steam
Match 43601720
Unlisted
Match 43601720
Overview
Messages
Build Orders
End
Selects Armored Support Battlegroup
Panzergrenadier Squad
Panzergrenadier Squad
Panzergrenadier Squad
Construct Light Support Kompanie
Selects Veteran Gunners
Fire Support Elements
le.IG 18 Support Gun Team
Veteran Squad Leaders
Panzerjäger Mechanized Group
Vehicle Survival Package
Tungsten Core Ammunition
Selects Salvage Kits
Selects Panzer Storm
Construct Panzerarmee Kommand
Panzer III L Medium Tank
Emergency Repair Kits
Rapid Advance
Selects Stuka Anti-tank Loiter
Panzer III L Medium Tank
FrodoBagginYa
Mustache and Melons
BadDay
Moonmyung
dauniy
markaren
0
0
Comments
sign in to comment!
No comments posted yet!